 Dungeon Crawl Stone Soup version 0.31-a0-149-g3fdcc5976a (webtiles) character file.

Game seed: 1325198951565271337

102 qw the Shooter (level 4, 0/38 HPs)
             Began as a Minotaur Hunter on June 7, 2023.
             Slain by Terence
             ... wielding a +0 flail
              (5 damage)
             ... on level 2 of the Dungeon.
             The game lasted 00:00:36 (1395 turns).

qw the Shooter (Minotaur Hunter)                    Turns: 1395, Time: 00:00:37

Health: 0/38       AC:  6    Str: 15    XL:     4   Next: 49%
Magic:  3/3        EV: 11    Int:  6    God:
Gold:   115        SH:  0    Dex: 16    Spells: 3/3 levels left

rFire   . . .        Y - +0 shortbow
rCold   . . .        (shield currently unavailable)
rNeg    . . .        e - +0 ring mail
rPois   .            (helmet restricted)
rElec   .            (no cloak)
rCorr   .            b - +0 pair of gloves
SInv    .            (no boots)
Will    .....        (no amulet)
Stlth   +            (no ring)
HPRegen 0.26/turn    (no ring)
MPRegen 0.08/turn

%: no passive effects
@: no status effects
A: horns 2, retaliatory headbutt
a: no special abilities


You were on level 2 of the Dungeon.
You visited 1 branch of the dungeon, and saw 3 of its levels.

You collected 115 gold pieces.


Innate Abilities, Weirdness & Mutations

You have a pair of horns on your head.
You reflexively headbutt those who attack you in melee.


   Skills:
 + Level 3.5 Fighting
 - Level 6.0 Ranged Weapons
 - Level 1.0 Armour
 - Level 2.1 Dodging
 - Level 0.7 Stealth


You had 3 spell levels left.
You didn't know any spells.
Your spell library was empty.

Inventory:

Hand Weapons
 Y - a +0 shortbow (weapon)
Armour
 b - a +0 pair of gloves (worn)
 e - a +0 ring mail (worn)
Potions
 c - a potion of curing {unknown}
 d - a potion of enlightenment {unknown}

Dungeon Overview and Level Annotations

Branches:
Dungeon (3/15)

Altars:

Annotations:
D:2 Terence


Message History

Something tries to affect you, but you resist.
Terence closely misses you.
The rat twitches its whiskers.
The rat bites you but does no damage. Something hits you.
Terence hits you with a +0 flail. The rat bites you but does no damage.
You shoot an arrow. The arrow completely misses Terence.
Something hits you but does no damage. Terence hits you with a +0 flail!
The rat closely misses you.
You shoot an arrow. The arrow hits Terence.
Terence is heavily wounded.
Something hits you but does no damage. Terence closely misses you.
The rat barely misses you. You furiously retaliate!
You headbutt the rat.
You kill the rat!
You shoot an arrow.
The arrow hits Terence but does no damage.
Terence is heavily wounded.
Something hits you. Terence hits you with a +0 flail!
You shoot an arrow. The arrow barely misses Terence.
Something hits you. Terence barely misses you.
You shoot an arrow. The arrow hits Terence.
Terence is severely wounded.
Something hits you but does no damage. Terence closely misses you.
You furiously retaliate!
You headbutt Terence.
You hear some strange, mumbled words.
You are confused.
Terence closely misses you. Something hits you but does no damage.
Terence hits you with a +0 flail. Something hits you.
Terence hits you with a +0 flail. Something hits you but does no damage.
Terence barely misses you. Something hits you. Terence closely misses you.
You feel less confused. Something hits you. Terence barely misses you.
You shoot an arrow. The arrow hits Terence.
Terence is almost dead.
Something hits you. Terence closely misses you.
You shoot an arrow. The arrow completely misses Terence.
Something hits you. Terence closely misses you.
You shoot an arrow. The arrow closely misses Terence.
Something hits you but does no damage. Terence hits you with a +0 flail.
You die...

### #### ##.##
...####### ##...##
##.[.....# #####.....##
##.#####.# #..@{......#
......##.####.##@......#
##..#..>......##<#...#.#
.#..####.#######.##.##.#
.........# #.##.##.#
.##.###### #.##.##.#
....# #.....%.# .####
####### #......## .#
####.....# #.##.#.#
.###.##>....# ##.##.#.#


You could see Terence.

Vanquished Creatures
  A hound (D:2)
  An adder (D:2)
  A worm (D:2)
  A dart slug (D:1)
  2 orcs (D:3)
  5 ball pythons
  8 endoplasms
  6 giant cockroaches
  A goblin (D:2)
  4 hobgoblins (D:1)
  4 jackals (D:2)
  2 quokkas (D:1)
  7 bats
  5 kobolds
  4 rats
52 creatures vanquished.

Notes
Turn   | Place    | Note
-------+----------+-------------------------------------------
     0 | D:1      | qw the Minotaur Hunter began the quest for the Orb.
     0 | D:1      | Reached XP level 1. HP: 18/18 MP: 0/0
     0 | D:1      | 0 ||| qw: Version: 0.2-a-117-gc6b5c8b
     0 | D:1      | 0 ||| qw: Game counter: 2565
     0 | D:1      | 0 ||| qw: Always use a shield: true
     0 | D:1      | 0 ||| qw: God list: Okawaru
     0 | D:1      | 0 ||| qw: Allow faded altars: false
     0 | D:1      | 0 ||| qw: Do Orc after D:15 true
     0 | D:1      | 0 ||| qw: Do second Lair branch before Depths: true
     0 | D:1      | 0 ||| qw: Lair rune preference: random
     0 | D:1      | 0 ||| qw: Plans: Normal
     0 | D:1      | 0 ||| PLANNING D:1-11
    89 | D:1      | Reached XP level 2. HP: 25/25 MP: 1/1
    93 | D:1      | Reached skill level 5 in Ranged Weapons
   143 | D:1      | Reached skill level 3 in Fighting
   201 | D:1      | Reached XP level 3. HP: 31/31 MP: 2/2
   543 | D:1      | 543 ||| UPGRADING to +0 ring mail.
   553 | D:1      | 553 ||| DROPPING +0 leather armour.
   554 | D:1      | 554 ||| READING 2 scrolls labelled XEUXABODIE.
   555 | D:1      | 555 ||| READING 3 scrolls labelled TOUZONYRAOH.
   556 | D:1      | 556 ||| READING scroll labelled XALOCZ ZOGEITS.
   557 | D:1      | 557 ||| DROPPING scroll of vulnerability.
   558 | D:1      | 558 ||| DROPPING scroll of butterflies.
   559 | D:1      | 559 ||| DROPPING 2 scrolls of noise.
   583 | D:2      | 583 ||| STAIRDANCE
   677 | D:2      | Reached skill level 1 in Armour
   694 | D:2      | Reached XP level 4. HP: 28/38 MP: 3/3
   847 | D:2      | Reached skill level 6 in Ranged Weapons
  1352 | D:2      | 1352 ||| UPGRADING to +0 pair of gloves.
  1357 | D:2      | 1357 ||| READING scroll labelled HOISAWING XEMU.
  1370 | D:3      | Noticed Terence
  1380 | D:3      | 1380 ||| STAIRDANCE
  1388 | D:2      | HP: 9/38 [Terence/+0 flail (1)]
  1393 | D:2      | HP: 5/38 [something (1)]
  1395 | D:2      | Slain by Terence

Levels and vault maps discovered:
D:1:      tarquinn_simple_flora_water_d, layout_rooms, serial_rivers,
          chequers_serial_rivers_small_b, chequers_serial_rivers_room_a,
          chequers_serial_rivers_room_b, chequers_serial_rivers_micro_b
D:2:      layout_loops_cross
D:3:      kb_forest_paths, layout_rooms, nicolae_overflow_hidden_temple,
          lemuel_tele_altar, minmay_unequal, uniq_terence

Skill      XL: |  1  2  3  4 |
---------------+-------------+-----
Ranged Weapons | 5 6 |  6.0
Fighting       | 3 |  3.5
Armour         | 1 |  1.0
Dodging        | |  2.1
Stealth        | |  0.7

Action                     |  1- 3 |  4- 6 || total
---------------------------+-------+-------++-------
   Fire: Shortbow          |   102 |    42 ||   144
    Use: Scroll            |     3 |     1 ||     4
 Armour: Leather armour    |     7 |       ||     7
         Ring mail         |    12 |    12 ||    24
  Dodge: Dodged            |    35 |    34 ||    69

Table legend:
 A = Non-vault XP
 B = Vault XP
 C = Vault XP percentage of total XP
 D = Non-vault monster count
 E = Vault monster count
 F = Vault count percentage of total count
                 A         B        C        D         E       F
            +---------+---------+-------+---------+---------+-------
      Total |     146 |       0 |   0.0 |      52 |       0 |   0.0
            +---------+---------+-------+---------+---------+-------
        D:1 |      53 |       0 |   0.0 |      31 |       0 |   0.0
        D:2 |      87 |       0 |   0.0 |      19 |       0 |   0.0
        D:3 |       6 |       0 |   0.0 |       2 |       0 |   0.0
            +---------+---------+-------+---------+---------+-------
